 Dungeon Crawl Stone Soup version 0.29.1-1-gd02db6906a (webtiles) character file.

Game seed: 17939889457316797848

316 112233 the Digger (level 6, -1/36 HPs)
             Began as an Octopode Earth Elementalist on Oct 11, 2022.
             Was an Initiate of Vehumet.
             Slain by a water moccasin (9 damage)
             ... on level 4 of the Dungeon.
             The game lasted 00:03:00 (4621 turns).

112233 the Digger (Octopode Earth Elementalist)     Turns: 4621, Time: 00:03:00

Health: -1/36      AC:  1    Str:  8    XL:     6   Next: 44%
Magic:  12/12      EV: 13    Int: 19    God:    Vehumet [......]
Gold:   83         SH:  0    Dex: 12    Spells: 8/14 levels left

rFire   . . .      SeeInvis .   f - +2 dagger (venom)
rCold   . . .      Faith    .   (no shield)
rNeg    . . .      Spirit   .   (helmet restricted)
rPois   .          Reflect  .   (no amulet)
rElec   .          Harm     .   (no ring)
rCorr   .          Rampage  .   (no ring)
Will    .....      Rage     3%  (no ring)
Stlth   ++........              (no ring)
HPRegen 0.00/turn               (no ring)
MPRegen 0.13/turn               (no ring)
                                (no ring)
                                (no ring)

@: mighty, silenced, inhibited regen
A: almost no armour, amphibious, 8 rings, camouflage 1, gelatinous body 1,
(nimble swimmer 1), tentacles, tentacle spike 1, berserk 1, inhibited
regeneration
a: Renounce Religion


You were on level 4 of the Dungeon.
You worshipped Vehumet.
Vehumet was noncommittal.
You visited 2 branches of the dungeon, and saw 5 of its levels.

You collected 83 gold pieces.

Inventory:

Hand Weapons
 f - a +2 dagger of venom (weapon)
Missiles
 b - 2 poisoned darts
Jewellery
 m - a ring of protection from fire
Scrolls
 d - 5 scrolls of identify {unknown}
 j - a scroll of magic mapping
 k - a scroll of enchant weapon {unknown}
 l - a scroll of summoning {unknown}
 n - a scroll of amnesia {unknown}
 p - a scroll of acquirement {unknown}
Potions
 a - a potion of magic
 e - 2 potions of mutation
 h - a potion of invisibility {unknown}
 o - a potion of heal wounds {unknown}


   Skills:
 - Level 2.0 Dodging
 - Level 2.6 Stealth
 + Level 4.5 Spellcasting
 - Level 1.0 Transmutations
 + Level 5.3 Earth Magic


You had 8 spell levels left.
You knew the following spells:

 Your Spells              Type           Power      Damage    Failure   Level
a - Sandblast             Erth           48%        2d12      1%          1
b - Stone Arrow           Conj/Erth      28%        3d8       13%         3
c - Passwall              Tmut/Erth      13%        N/A       5%          2

Your spell library contained the following spells:

 Spells                   Type           Power      Damage    Failure   Level
 Apportation              Tloc           8%         N/A       13%         1
 Necrotise                Necr           16%        1d4       13%         1
 Summon Small Mammal      Summ           16%        N/A       13%         1
 Petrify                  Tmut/Erth      16%        N/A       34%         4


Dungeon Overview and Level Annotations

Branches:
Dungeon (4/15)             Temple (1/1) D:4

Altars:
Cheibriados
Dithmenos
Elyvilon
Hepliaklqana
Nemelex Xobeh
Okawaru
Qazlal
Sif Muna
Vehumet
Wu Jian
Xom
Zin
The Shining One

Shops:
D:4 [*

Annotations:
D:3 3 runed translucent doors, Aibolit's ghost, amateur HOFi; LabCoat's ghost, amateur HOFi; kadoom's ghost, amateur MiBe; rubinsalamander's ghost, amateur OpTm


Innate Abilities, Weirdness & Mutations

You cannot wear most types of armour.
You are amphibious.
You can wear up to eight rings at the same time.
Your skin changes colour to match your surroundings (Stealth+).
Your rubbery body absorbs attacks. (AC +1, EV +1)
((You are camouflaged when in or above water. (Stealth+)))
You have tentacles for arms and can constrict up to eight enemies at once.
One of your tentacles bears a spike.
You sometimes lose your temper in combat.
You do not regenerate when monsters are visible.


Message History

The adder hisses angrily.
The water moccasin hisses angrily.
Found Ideokue's Serpentskin Sales.
There are monsters nearby!
There are monsters nearby!
There are monsters nearby!
Unknown command.
As you read the scroll labelled LUXKIOQAURY, it crumbles to dust.
You feel aware of your surroundings.
It was a scroll of magic mapping.
The adder misses you.
Unknown command.
As you read the scroll labelled MOEFENU LUKE, it crumbles to dust.
A profound silence engulfs you.
It was a scroll of silence.
Unknown command.
Magic scrolls do not work when you're silenced!
Unknown command.
It was a potion of mutation.
You feel extremely strange.
Your regeneration stops near monsters.
You feel a little pissed off.
One of your lower tentacles grows a sharp spike.
Unknown command.
You hit the water moccasin but do no damage.
Your grab misses the water moccasin. The water moccasin bites you!
The water moccasin closely misses you.
Unknown command.
You feel better. The water moccasin bites you. x2
Unknown command.
Unknown command.
You cannot cast spells when silenced!
It was a potion of might.
You feel very mighty all of a sudden. The water moccasin barely misses you.
The water moccasin bites you. The water moccasin bites you!
Unknown command.
You hit the water moccasin.
The water moccasin is poisoned.
Your grab misses the water moccasin.
Your tentacle spike misses the water moccasin.
The water moccasin is lightly wounded.
The water moccasin barely misses you. The water moccasin bites you!
* * * LOW HITPOINT WARNING * * *
The water moccasin bites you!
You die...

.............###..##....[...###..
...#.....##..##...###..##8>8.....
.........##.......###.####....###
...................##........##
#.......##.,.##.....#...(....#
#...#..##**,***#...........###
.......# *###*#.....#...###
.##...## **#...#S#...#..####
##.....##*,+.∩SS@##...#....#
#.......#,*#...#####..#.####
#.......##*###** ##...##
.........# #....# .........##
###..## ###.......# ###>.##
..####....# #.....# .....#....#
#.....# .....##...# ####.##


You could see 2 water moccasins and an adder.

Vanquished Creatures
  A necrophage (D:4)
  A scorpion (D:4)
  A hound (D:4)
  8 adders
  A worm (D:4)
  4 dart slugs
  5 orcs (D:3)
  3 bats
  4 endoplasms
  5 giant cockroaches
  5 goblins
  5 hobgoblins
  6 jackals
  5 quokkas
  4 ball pythons
  6 frilled lizards
  9 kobolds
  5 rats
78 creatures vanquished.

Notes
Turn   | Place    | Note
-------+----------+-------------------------------------------
     0 | D:1      | 112233 the Octopode Earth Elementalist began the quest for
                  | the Orb.
     0 | D:1      | Reached XP level 1. HP: 11/11 MP: 3/3
   290 | D:1      | Reached XP level 2. HP: 17/17 MP: 3/5
   684 | D:1      | Found a faded altar of an unknown god.
  1169 | D:1      | Reached XP level 3. HP: 21/21 MP: 4/6
  2073 | D:2      | Reached XP level 4. HP: 27/27 MP: 8/8
  2219 | D:2      | Reached skill level 4 in Earth Magic
  2811 | D:3      | Reached XP level 5. HP: 25/31 MP: 8/10
  2947 | D:3      | Found a runed translucent gate.
  2947 | D:3      | Found a runed translucent gate.
  2947 | D:3      | Found a runed translucent gate.
  2949 | D:3      | Noticed LabCoat's ghost (amateur HOFi)
  2949 | D:3      | Noticed kadoom's ghost (amateur MiBe)
  2950 | D:3      | Noticed rubinsalamander's ghost (amateur OpTm)
  2950 | D:3      | Noticed Aibolit's ghost (amateur HOFi)
  3271 | D:4      | Learned a level 3 spell: Stone Arrow
  3274 | D:4      | Learned a level 2 spell: Passwall
  3436 | D:4      | Reached skill level 5 in Earth Magic
  3436 | D:4      | Reached XP level 6. HP: 19/36 MP: 0/12
  3629 | D:4      | Found Kiofoemp's Antique Armour Shop.
  4334 | D:4      | Found a staircase to the Ecumenical Temple.
  4399 | Temple   | Entered the Ecumenical Temple
  4567 | Temple   | Became a worshipper of Vehumet
  4614 | D:4      | Found Ideokue's Serpentskin Sales.
  4614 | D:4      | Noticed a water moccasin
  4614 | D:4      | Noticed a water moccasin
  4617 | D:4      | Gained mutation: You do not regenerate when monsters are
                  | visible. [potion of mutation]
  4617 | D:4      | Gained mutation: You sometimes lose your temper in combat.
                  | [potion of mutation]
  4617 | D:4      | Gained mutation: One of your tentacles bears a spike.
                  | [potion of mutation]
  4621 | D:4      | Slain by a water moccasin

Illustrated notes

Levels and vault maps discovered:
D:1:      minmay_arrival_solitary_statue, layout_loops_corners,
          hellmonk_ecumenical_altar_arch_garden, minmay_lizard_pond
D:2:      layout_loops_ring
D:3:      lemuel_castle_with_subvaults [lemuel_castle_interior_carwin_3],
          layout_loops_cross, gammafunk_ghost_cemetery
D:4:      kennysheep_spiral_hall, layout_layer_cave, temple_statues,
          nicolae_stop_n_shop_1, guppyfry_shop_venom
Temple:   hellmonk_temple_forest_ring

Skill      XL: |  1  2  3  4  5 |
---------------+----------------+-----
Spellcasting   | 3 4 |  4.5
Earth Magic    | 4 5 |  5.3
Dodging        | |  2.0
Stealth        | |  2.6
Transmutations | |  1.0

Action                   |  1- 3 |  4- 6 || total
-------------------------+-------+-------++-------
Melee: Unarmed           |     2 |       ||     2
       Dagger            |     4 |    11 ||    15
       Constrict         |     2 |     4 ||     6
       Tentacles         |     2 |     4 ||     6
 Cast: Sandblast         |    42 |    62 ||   104
       Stone Arrow       |       |     1 ||     1
  Use: Potion            |       |     5 ||     5
       Scroll            |       |     2 ||     2
 Stab: Sleeping          |       |     1 ||     1
Armor: Skin              |     1 |     4 ||     5
Dodge: Dodged            |    22 |    30 ||    52
